 Dungeon Crawl Stone Soup version 0.28-a0-1567-g1695149f81 (webtiles) character file.

Game seed: 14101788151037068165

9058 dolemite99 the Blocker (level 11, -6/76 HPs)
             Began as a Demonspawn Fighter on Jan 20, 2022.
             Was a Follower of Hepliaklqana.
             Mangled by a hell knight (16 damage)
             ... on level 2 of the Abyss.
             The game lasted 00:16:54 (11158 turns).

dolemite99 the Blocker (Demonspawn Fighter)        Turns: 11158, Time: 00:16:56

Health: -6/76      AC: 13    Str: 20    XL:     11   Next: 18%
Magic:  11/11      EV:  6    Int:  9    God:    Hepliaklqana [*.....]
Gold:   558        SH:  6    Dex: 14    Spells: 10/10 levels left

rFire   . . .      SeeInvis .   b - +3 hunting sling (flame)
rCold   . . .      Faith    .   c - +0 buckler
rNeg    . . .      Spirit   .   O - +0 plate armour
rPois   .          Reflect  .   (no helmet)
rElec   .          Harm     .   (cloak unavailable)
rCorr   .          Rampage  .   (no gloves)
Will    .....                   (no boots)
Stlth   ..........              r - amulet of regeneration
HPRegen 1.02/turn               (no ring)
MPRegen 0.12/turn               (no ring)

@: about to teleport
A: reduced essence, hooves 2, foul stench 2, powered by pain 1, weakness stinger
3
a: Renounce Religion, Recall Ancestor, Ancestor Identity


You were on level 2 of the Abyss.
You worshipped Hepliaklqana.
Hepliaklqana was aware of your devotion.
You visited 2 branches of the dungeon, and saw 10 of its levels.
You visited the Abyss 1 time.
You also visited: Ossuary.

You collected 558 gold pieces.

Inventory:

Hand Weapons
 a - a +2 dagger of electrocution
 b - a +3 hunting sling of flaming (weapon)
 h - a +0 war axe
 M - the +9 spear "Nouz Uff" {pain, rPois rF+ Str+4}
   (You found it on level 8 of the Dungeon)

   In the hands of one skilled in necromantic magic, it inflicts extra damage on
   living creatures.
   Str:       It affects your strength (+4).
   rF:        It protects you from fire.
   rPois:     It protects you from poison.
Missiles
 e - 231 stones (quivered ammo)
 i - 7 boomerangs
 o - 18 sling bullets
 p - 26 poisoned darts
 v - 124 arrows
 x - 78 bolts
Armour
 c - a +0 buckler (worn)
 d - a +0 chain mail
 g - a +0 scale mail
 y - a +0 cloak
 O - a +0 plate armour (worn)
Jewellery
 r - an amulet of regeneration (around neck)
 F - an amulet of the acrobat
 K - a +4 ring of evasion
Wands
 j - a wand of digging (14)
 A - a wand of flame (23)
 B - a wand of iceblast (6)
Scrolls
 f - a scroll of fear
 k - a scroll of silence
 l - 6 scrolls of teleportation
 s - 4 scrolls of immolation
 u - 3 scrolls of noise
 G - a scroll of fog
 H - a scroll of amnesia
 I - a scroll of blinking
 J - a scroll of identify {@r1}
 L - a scroll of enchant armour {unknown}
Potions
 m - 2 potions of flight {unknown}
 q - 3 potions of curing
 t - 4 potions of brilliance {unknown}
 w - 2 potions of mutation {unknown}
 z - a potion of might
 C - 3 potions of heal wounds {unknown}
 D - 2 potions of degeneration {unknown}
 E - a potion of invisibility {unknown}
 N - a potion of magic {unknown}


   Skills:
 - Level 7.7 Fighting
 - Level 7.2 Short Blades
 - Level 3.2 Axes
 - Level 7.3 Slings
 - Level 7.0 Armour
 + Level 8.1 Shields


You had 10 spell levels left.
You didn't know any spells.
Your spell library contained the following spells:

 Spells                   Type           Power      Damage    Failure   Level
 Foxfire                  Conj/Fire      0%         2x1d4     100%        1
 Conjure Flame            Conj/Fire      0%         6-21      100%        3
 Frozen Ramparts          Ice            0%         1d2       100%        3
 Inner Flame              Hex/Fire       0%         N/A       100%        3
 Flame Wave               Conj/Fire      0%         2d4       100%        4
 Ice Form                 Ice/Tmut       0%         N/A       100%        4
 Summon Ice Beast         Ice/Summ       0%         N/A       100%        4


Dungeon Overview and Level Annotations

Branches:
Dungeon (9/15)             Temple (1/1) D:6            Lair (0/6) D:8
Ossuary (visited)
    Orc: D:9-12

Altars:
Ashenzari
Cheibriados
Dithmenos
Elyvilon
Fedhas
Gozag
Hepliaklqana
Kikubaaqudgha
Makhleb
Nemelex Xobeh
Okawaru
Qazlal
Ru
Sif Muna
Trog
Uskayaw
Vehumet
Wu Jian
Xom
Yredelemnul
Zin
The Shining One

Shops:
D:2 (   D:5 :   D:6 :

Annotations:
D:4 3 runed translucent doors, IdlyInterested's ghost, amateur DsGl; axecop's ghost, amateur DsWn
D:7 2 transporters, exclusion: statue, HallandMoats's ghost, novice MiFi


Innate Abilities, Weirdness & Mutations

Your life essence is reduced to manifest your ancestor. (-10% HP)
You have hoof-like feet.
You sometimes emit foul miasma when damaged in melee.
You sometimes gain a little power by taking damage.
You have a sharp stinger which inflicts weakening toxins.


Message History

Follow me!
There is a gateway leading deeper into the Abyss here.
A hell knight comes into view. It is wielding a +1 glaive.
A hell knight is nearby!
The hell knight shouts!
The hell knight mumbles some strange words.
The hell knight seems to speed up.
A wretched star comes into view.
What are your orders? t - Shout!
Orders for allies: a - Attack new target. r - Retreat! s - Stop attacking. g - Guard the area. f - Follow me.
Anything else - Cancel.
Guard this area!
Something misses Wigmund.
The hell knight barely misses you.
The hell knight hits you from afar with a +1 glaive!
The hell knight hits you from afar with a +1 glaive!
A large abomination comes into view.
An Executioner comes into view.
The hell knight hits you from afar with a +1 glaive!
The Executioner moves out of view.
The large abomination hits you!
You emit a cloud of foul miasma!
Wigmund has departed this plane of existence.
A large abomination comes into view.
The Executioner gives a hideous shriek!
The Executioner gestures.
The Executioner seems to speed up.
The hell knight hits you from afar with a +1 glaive!!
* * * LOW HITPOINT WARNING * * *
As you read the scroll of teleportation, it crumbles to dust.
You feel strangely unstable.
You feel the power of the Abyss delaying your translocation!
You block the hell knight's attack. The large abomination hits you.
* * * LOW HITPOINT WARNING * * *
A large abomination comes into view.
The hell knight barely misses you.
The hell knight hits you from afar with a +1 glaive!
You die...

#. .# ##. #. .. .
#.###.. .# ##.#.
.......
.X.#...##...#X.
..#........ .# .#
#........# ..#
#.☼@##...# .
#..X1.# .# .
#..#p#### #.#...
##...#.p### .... #
#.......#.*..# #
#..##......# # #.#
... #.#..
..#.####.# # # ..
#.##....##... .#
.#.# ...
###..#.##..###....


You could see an Executioner (fast), a hell knight (fast) and 2 large
abominations.

Vanquished Creatures
  A boulder beetle (D:8)
  A two-headed ogre (D:9)
  An anaconda (shapeshifter) (D:9)
  A gargoyle (D:9)
  Sigmund (D:3)
  A shadow (D:7)
  14 yaks
  A wyvern (D:9)
  2 wraiths (Ossuary)
  A steam dragon (D:7)
  3 water moccasins
  A black bear (D:5)
  2 orc warriors
  A necrophage (D:6)
  An ogre (D:7)
  3 centaurs
  2 phantoms
  A gnoll sergeant (D:5)
  2 kobold brigands
  6 bullfrogs
  A wyvern zombie (D:8)
  2 scorpions (D:5)
  A water moccasin skeleton (D:4)
  6 killer bees (D:8)
  An electric eel (D:7)
  12 wights
  7 howler monkeys
  A bullfrog zombie (D:7)
  A centaur zombie (D:9)
  5 hounds
  A centaur skeleton (D:7)
  3 orc priests
  Ijyb (D:3)
  2 gnoll shamans
  2 iguanas (D:5)
  10 orc wizards
  A hound zombie (D:5)
  A hound skeleton (D:4)
  A howler monkey zombie (D:9)
  13 gnolls
  8 adders
  A shadow imp (D:7)
  3 white imps
  An ufetubus (D:7)
  2 adder zombies (Ossuary)
  2 adder skeletons (D:4)
  3 dart slugs
  A worm (D:2)
  16 orcs
  2 endoplasms
  7 giant cockroaches
  8 hobgoblins
  17 kobolds
  6 quokkas
  8 ball pythons
  A ball python skeleton (Ossuary)
  A bat (D:3)
  2 frilled lizards
  11 goblins
  A hobgoblin skeleton (Ossuary)
  2 hobgoblin zombies (Ossuary)
  2 kobold zombies (Ossuary)
  An orc skeleton (Ossuary)
  5 rats
229 creatures vanquished.

Vanquished Creatures (collateral kills)
  A smoke demon (Abyss:2)
1 creature vanquished.

Vanquished Creatures (others)
  8 ancestors
  6 withered plants (D:4)
14 creatures vanquished.

Grand Total: 244 creatures vanquished

Notes
Turn   | Place    | Note
-------+----------+-------------------------------------------
     0 | D:1      | dolemite99 the Demonspawn Fighter began the quest for the
                  | Orb.
     0 | D:1      | Reached XP level 1. HP: 18/18 MP: 1/1
   464 | D:1      | Discovered your monstrous ancestry.
   464 | D:1      | Gained mutation: You have large cloven feet. [demonic
                  | ancestry]
   464 | D:1      | Reached XP level 2. HP: 22/24 MP: 2/2
   685 | D:1      | Found a faded altar of an unknown god.
  1296 | D:2      | Reached XP level 3. HP: 26/29 MP: 3/3
  1461 | D:2      | Reached skill level 1 in Slings
  1627 | D:2      | Reached skill level 1 in Short Blades
  1776 | D:2      | Gained mutation: You have a small tail. [demonic ancestry]
  1776 | D:2      | Reached XP level 4. HP: 35/35 MP: 4/4
  1950 | D:2      | Found Otrotef's Antique Weapon Emporium.
  2098 | D:3      | Noticed Ijyb
  2116 | D:3      | Killed Ijyb
  2957 | D:3      | Gained mutation: You may rarely emit foul miasma when
                  | damaged in melee. [demonic ancestry]
  2957 | D:3      | Reached XP level 5. HP: 41/41 MP: 5/5
  3507 | D:3      | Noticed Sigmund
  3518 | D:3      | Killed Sigmund
  3519 | D:3      | Reached XP level 6. HP: 46/47 MP: 6/6
  3711 | D:4      | Found a runed translucent gate.
  3711 | D:4      | Found a runed translucent gate.
  3711 | D:4      | Found a runed translucent gate.
  3715 | D:4      | Noticed axecop's ghost (amateur DsWn)
  3715 | D:4      | Noticed IdlyInterested's ghost (amateur DsGl)
  3945 | D:4      | Gained mutation: You have a tail ending in a sharp stinger.
                  | [demonic ancestry]
  3945 | D:4      | Reached XP level 7. HP: 52/52 MP: 7/7
  4748 | D:5      | Entered Level 5 of the Dungeon
  4775 | D:5      | Reached skill level 5 in Slings
  4785 | D:5      | Reached skill level 5 in Short Blades
  5421 | D:5      | Gained mutation: You have hoof-like feet. [demonic
                  | ancestry]
  5421 | D:5      | Reached XP level 8. HP: 58/58 MP: 8/8
  5808 | D:5      | Found Ucugyotz's Book Shop.
  6132 | D:5      | Found a bloodstained altar of Trog.
  6246 | D:6      | Found a sand-covered staircase.
  6254 | Ossuary  | Entered an ossuary
  6353 | Ossuary  | Noticed a flying skull
  6362 | Ossuary  | Noticed a flying skull
  6389 | Ossuary  | Noticed a flying skull
  6392 | Ossuary  | Noticed a flying skull
  6435 | Ossuary  | Noticed a flying skull
  6784 | D:6      | Found a staircase to the Ecumenical Temple.
  6822 | D:6      | Gained mutation: You sometimes gain a little power by
                  | taking damage. [demonic ancestry]
  6822 | D:6      | Reached XP level 9. HP: 63/63 MP: 9/9
  6858 | Temple   | Entered the Ecumenical Temple
  6924 | Temple   | Became a worshipper of Hepliaklqana the Forgotten
  7296 | D:6      | Found an iron altar of Okawaru.
  7509 | D:6      | Found Giguhalu's Book Shop.
  7920 | D:7      | Found a transporter.
  7932 | D:7      | Found a radiant altar of Vehumet.
  7942 | D:7      | Reached skill level 5 in Fighting
  8005 | D:7      | Found a hide-covered altar of Uskayaw.
  8005 | D:7      | Found a broken altar of Ashenzari.
  8035 | D:7      | Reached skill level 5 in Armour
  8228 | D:7      | Identified the +5 great mace of the Known World {venom,
                  | Drain rC+ rN+ Str+7}
  8228 | D:7      | Noticed HallandMoats's ghost (novice MiFi)
  8229 | D:7      | Found a transporter.
  8352 | D:7      | Reached * piety under Hepliaklqana
  8606 | D:8      | Gained mutation: You have a sharp stinger which inflicts
                  | weakening toxins. [demonic ancestry]
  8606 | D:8      | Reached XP level 10. HP: 69/69 MP: 10/10
  8609 | D:8      | Noticed a boulder beetle
  9124 | D:8      | Reached skill level 3 in Shields
  9189 | D:8      | Killed a boulder beetle
  9190 | D:8      | Reached skill level 4 in Shields
  9317 | D:8      | Found a staircase to the Lair.
  9501 | D:8      | Found an opulent altar of Gozag.
  9518 | D:8      | Reached skill level 5 in Shields
  9690 | D:8      | Identified the +9 spear "Nouz Uff" {pain, rPois rF+ Str+4}
 10042 | D:9      | Noticed a gargoyle
 10052 | D:9      | Killed a gargoyle
 10199 | D:9      | Noticed an anaconda
 10212 | D:9      | Killed an anaconda
 10213 | D:9      | Reached skill level 6 in Shields
 10568 | D:9      | Reached skill level 7 in Shields
 10589 | D:8      | Gained mutation: You sometimes emit foul miasma when
                  | damaged in melee. [demonic ancestry]
 10589 | D:8      | Reached XP level 11. HP: 58/76 MP: 11/11
 10695 | D:9      | Noticed a two-headed ogre
 10703 | D:9      | Killed a two-headed ogre
 10793 | D:9      | Reached skill level 8 in Shields
 10984 | D:9      | Noticed a wizard
 10996 | D:9      | Cast into level 2 of the Abyss (a wizard)
 10996 | Abyss:2  | Found a corrupted altar of Lugonu.
 11024 | Abyss:2  | Found a corrupted altar of Lugonu.
 11135 | Abyss:2  | Noticed a hell knight
 11139 | Abyss:2  | Noticed a wretched star
 11154 | Abyss:2  | Noticed an Executioner
 11157 | Abyss:2  | Noticed a large abomination
 11158 | Abyss:2  | Mangled by a hell knight

Illustrated notes

Levels and vault maps discovered:
D:1:      grunt_arrival_crossed_arrows, layout_loops_corners,
          ebering_ecumenical_altar_rust, kennysheep_doodads, item_on_display_a
D:2:      layout_loops_corners, serial_shops, shop, basic_altar
D:3:      minmay_wonky_spiral, layout_loops_cross, minmay_pentomino_pile,
          uniq_sigmund, uniq_ijyb
D:4:      layout_loops_ring, gammafunk_ghost_cemetery
D:5:      layout_rooms, kennysheep_little_box, zin_academy, serial_shops,
          nicolae_inconvenience_store, nicolae_figureground_pulse
D:6:      layout_basic, old_standard_altar, minmay_temple_entry_arrows,
          serial_shops, kennysheep_mini, nicolae_ossuary_entry_monument,
          minmay_misc_feat_columns
D:7:      layout_basic, vehumet_statue, nicolae_overflow_squiral,
          gammafunk_ghost_smash
D:8:      layout_basic, nicolae_gozag_cash_rules_everything_around_me,
          nicolae_tso_carved_into_rock, lair_entry_dummy, grunt_potential
D:9:      minmay_sliced_demisemicircle, layout_cross, serial_shops,
          nicolae_shop_statue_plus
Temple:   dpeg_chambers_temple
Abyss:2:  base:
D:1

Skill      XL: |  1  2  3  4  5  6  7  8  9 10 11 |
---------------+----------------------------------+-----
Axes           | 2 3 |  3.2
Slings         | 1 2 3 4 5 7 |  7.3
Short Blades   | 1 2 3 4 5 7 |  7.2
Armour         | 5 7 |  7.0
Fighting       | 6 7 |  7.7
Shields        | 7 8 |  8.1

Action                   |  1- 3 |  4- 6 |  7- 9 | 10-12 || total
-------------------------+-------+-------+-------+-------++-------
Melee: War axe           |    58 |       |       |       ||    58
       Kick              |     9 |     6 |    13 |    22 ||    50
       Dagger            |       |    18 |    61 |    60 ||   139
       Tailslap          |       |     2 |    12 |     8 ||    22
 Fire: Hunting sling     |    39 |    90 |   298 |   221 ||   648
Throw: Stone             |    18 |       |     9 |       ||    27
       Dart              |       |       |     1 |     4 ||     5
Invok: Recall Ancestor   |       |       |       |     2 ||     2
Evoke: Wand              |       |       |       |     6 ||     6
  Use: Scroll            |     1 |     5 |     6 |     2 ||    14
       Potion            |       |     2 |       |     3 ||     5
Armor: Scale mail        |    23 |     6 |       |       ||    29
       Chain mail        |       |     6 |    60 |    42 ||   108
       Plate armour      |       |       |       |    12 ||    12
Dodge: Dodged            |    24 |    22 |    29 |    31 ||   106
Block: Buckler           |    15 |     8 |    28 |    30 ||    81

Table legend: (Time is in decaauts)
 A = Elapsed time spent in this place.
 B = Non-inter-level travel time spent in this place.
 C = Inter-level travel time spent in this place.
 D = Time resting spent in this place.
 E = Time spent auto-exploring this place.
 F = Levels seen in this place.
 G = Mean time per level.
                   A        B        C        D        E       F      G
               +--------+--------+--------+--------+--------+-----+--------+
         Total |  11072 |  10657 |    415 |   2111 |   6203 |  12 |  922.7 |
       Dungeon |  10422 |  10028 |    394 |   2100 |   5807 |   9 | 1158.0 |
        Temple |    227 |    206 |     21 |      0 |    178 |   1 |  227.0 |
         Abyss |    139 |    139 |      0 |      0 |     70 |   1 |  139.0 |
       Ossuary |    282 |    282 |      0 |     11 |    148 |   1 |  282.0 |
               +--------+--------+--------+--------+--------+-----+--------+

Top non-repeatable levels by time:
     D:8: 1501 daAuts
     D:4: 1323 daAuts
     D:3: 1302 daAuts
     D:1: 1287 daAuts
     D:5: 1214 daAuts
     D:2: 1154 daAuts
     D:6: 1129 daAuts
     D:9: 798 daAuts
     D:7: 709 daAuts
 Ossuary: 282 daAuts
  Temple: 227 daAuts
 Abyss:2: 139 daAuts
